 Seeded DCSS version 0.29-a0-88-g03a7b78be7 (webtiles) character file.

Game seed: 10215919384247813052 (custom seed)

37 Hubjo the Sneak (level 3, -5/26 HPs)
             Began as a Vampire Enchanter on Feb 5, 2022.
             Killed from afar by Blork the orc (8 damage)
             ... with a puff of flame
             ... on level 4 of the Dungeon.
             The game lasted 00:04:30 (889 turns).

Hubjo the Sneak (Vampire Enchanter)                  Turns: 889, Time: 00:04:34

Health: -5/26      AC:  6    Str:  7    XL:     3   Next: 21%
Magic:  6/6        EV: 12    Int: 17    God:
Gold:   68         SH:  0    Dex: 16    Spells: 0/6 levels left

rFire   . . .      SeeInvis +   a - +1 dagger
rCold   . . .      Faith    .   (no shield)
rNeg    . . .      Spirit   .   b - +0 robe
rPois   .          Reflect  .   (no helmet)
rElec   .          Harm     .   (no cloak)
rCorr   .          Rampage  .   (no gloves)
Will    .....                   (no boots)
Stlth   +++.......              (no amulet)
HPRegen 0.28/turn               e - +4 ring of protection
MPRegen 0.10/turn               (no ring)

@: healing quickly
A: alive, fangs 3, see invisible, vampiric 2
a: Exsanguinate


You were on level 4 of the Dungeon.
You visited 1 branch of the dungeon, and saw 4 of its levels.

You collected 68 gold pieces.

Inventory:

Hand Weapons
 a - a +1 dagger (weapon)
Armour
 b - a +0 robe (worn)
Magical Staves
 d - a staff of death
Jewellery
 e - a +4 ring of protection (left hand)
Scrolls
 g - a scroll of vulnerability {unknown}
Potions
 c - a potion of invisibility
 f - a potion of curing
 h - a potion of degeneration {unknown}


   Skills:
 + Level 1.1 Fighting
 + Level 1.4 Short Blades
 * Level 2.5 Dodging
 * Level 5.2 Stealth
 - Level 2.0 Spellcasting
 + Level 4.7 Hexes


You couldn't memorise any spells.
You knew the following spells:

 Your Spells              Type           Power      Damage    Failure   Level
a - Tukima's Dance        Hex            17%        N/A       9%          3
b - Dazzling Flash        Conj/Hex       18%        N/A       22%         3

Your spell library contained the following spells:

 Spells                   Type           Power      Damage    Failure   Level
 Confusing Touch          Hex            17%        N/A       9%          3
 Ensorcelled Hibernation  Hex/Ice        18%        N/A       11%         2
 Beastly Appendage        Tmut           2%         N/A       19%         1
 Passwall                 Tmut/Erth      0%         N/A       28%         2
 Wereblood                Tmut           1%         N/A       28%         2
 Spider Form              Tmut/Pois      1%         N/A       50%         3
 Swiftness                Air            1%         N/A       50%         3


Dungeon Overview and Level Annotations

Branches:
Dungeon (4/15)
 Temple: D:4-7

Altars:

Annotations:
D:4 Blork the orc


Innate Abilities, Weirdness & Mutations

Your natural rate of healing is accelerated.
You have razor-sharp teeth.
You have supernaturally acute eyesight. (SInv)
You are afflicted with vampirism and can become a bat while bloodless.


Message History

You hit Blork the orc. Your bite misses Blork the orc.
Blork the orc is moderately wounded.
Blork the orc closely misses you.
You barely miss Blork the orc.
Blork the orc is moderately wounded.
Blork the orc hits you but does no damage.
Blork the orc hits you.
You hit Blork the orc. Your bite misses Blork the orc.
Blork the orc is heavily wounded.
Blork the orc hits you.
You hit Blork the orc. You bite Blork the orc.
Blork the orc is severely wounded.
Blork the orc closely misses you. Blork the orc misses you.
You hit Blork the orc.
You bite Blork the orc, but do no damage.
Blork the orc is severely wounded.
Blork the orc barely misses you.
You hit Blork the orc but do no damage.
Blork the orc is severely wounded.
Blork the orc hits you but does no damage.
Your +0 short sword hits Blork the orc.
Blork the orc casts a spell at your +0 short sword.
The puff of flame hits your +0 short sword.
Your +0 short sword resists.
You hit Blork the orc but do no damage.
Blork the orc is severely wounded.
Blork the orc gestures at you while chanting.
The puff of frost hits you!
* * * LOW HITPOINT WARNING * * *
Your +0 short sword hits Blork the orc.
You hit Blork the orc but do no damage.
Blork the orc is almost dead.
Blork the orc misses you.
Your +0 short sword hits Blork the orc.
You hit Blork the orc but do no damage. You bite Blork the orc.
Blork the orc is almost dead.
Blork the orc hits you.
* * * LOW HITPOINT WARNING * * *
Blork the orc gestures at you while chanting.
The puff of flame hits you!
You die...

#.............##.........#....
#.......#..............###...#
###.#...##..............#..###
#.#.).....................##
####...................#....
####.#...............###...
#..#.##...(..........###...
#....÷....o...#............
#......#..@.###.....†......
##.....##..................
##...)#......#.))##...#...
####.).........)....#####
##.....#.....#....#
#.....##...##....##
###.....#..##.....#
#.....##..#.....##
#......##....#.##


You could see Blork the orc (fast, ally target) and a friendly +0 short sword.

Vanquished Creatures
  A worm (D:3)
  4 orcs (D:4)
  2 endoplasms
  3 hobgoblins
  3 jackals (D:4)
  3 quokkas
  2 ball pythons
  A bat (D:1)
  A frilled lizard (D:1)
  7 kobolds
27 creatures vanquished.

Vanquished Creatures (others)
  A dancing weapon (D:4)
1 creature vanquished.

Grand Total: 28 creatures vanquished

Notes
Turn   | Place    | Note
-------+----------+-------------------------------------------
     0 | D:1      | Hubjo the Vampire Enchanter began the quest for the Orb.
     0 | D:1      | Reached XP level 1. HP: 13/13 MP: 3/3
   221 | D:2      | Reached XP level 2. HP: 20/20 MP: 5/5
   224 | D:2      | HP: 1/20 [kobold (3)]
   435 | D:4      | Reached skill level 1 in Fighting
   435 | D:4      | Reached skill level 5 in Stealth
   652 | D:4      | Gained mutation: You are afflicted with vampirism and can
                  | become a bat while bloodless. [Vampire growth]
   652 | D:4      | Reached XP level 3. HP: 16/26 MP: 6/6
   656 | D:4      | Learned a level 3 spell: Tukima's Dance
   660 | D:4      | Learned a level 3 spell: Dazzling Flash
   848 | D:4      | Noticed Blork the orc
   889 | D:4      | Killed from afar by Blork the orc

Illustrated notes

Levels and vault maps discovered:
D:1:      lemuel_arrival_behind_the_door_large, layout_loops_ring,
          nicolae_ecumenical_lake_church, minmay_hedge_maze, serial_bayou_ford_a
D:2:      layout_basic, chequers_arboretum
D:3:      layout_basic
D:4:      layout_cave_pools, serial_shops, shop, minmay_ruined_shrine,
          uniq_blork_the_orc

Skill      XL: |  1  2 |
---------------+-------+-----
Fighting       | 1 |  1.1
Stealth        | 5 |  5.2
Short Blades   | |  1.4
Dodging        | |  2.5
Spellcasting   | |  2.0
Hexes          | |  4.7

Action                   || total
-------------------------++-------
Melee: Dagger            ||   121
       Bite              ||    12
       Staff             ||     4
       Punch             ||     1
 Cast: Tukima's Dance    ||     2
  Use: Potion            ||     1
 Stab: Sleeping          ||     6
Armor: Robe              ||    57
Dodge: Dodged            ||    98

Table legend: (Time is in decaauts)
 A = Elapsed time spent in this place.
 B = Non-inter-level travel time spent in this place.
 C = Inter-level travel time spent in this place.
 D = Time resting spent in this place.
 E = Time spent auto-exploring this place.
 F = Levels seen in this place.
 G = Mean time per level.
                   A        B        C        D        E       F      G
               +--------+--------+--------+--------+--------+-----+--------+
         Total |    879 |    670 |    209 |    174 |    130 |   4 |  219.8 |
       Dungeon |    879 |    670 |    209 |    174 |    130 |   4 |  219.8 |
               +--------+--------+--------+--------+--------+-----+--------+

Top non-repeatable levels by time:
     D:4: 472 daAuts
     D:1: 202 daAuts
     D:2: 135 daAuts
     D:3: 68 daAuts
